MLB
MINNESOTA TWINS @ CHICAGO WHITE SOX
09/22/2044
 
TOP OF THE 1ST
Minnesota Twins batting - Pitching for Chicago White Sox : RHP Tadatoki Yoshida
Pitching: RHP Tadatoki Yoshida
Batting: RHB Jesse Scott 0-0: Ball
1-0: Ball
2-0: Foul Ball, location: 2F
2-1: Foul Ball, location: 2F
2-2: Foul Ball, location: 2F
2-2: Strikes out swinging
Batting: RHB Hildo Pot 0-0: Ball
1-0: Called Strike
1-1: Called Strike
1-2: Ball
2-2: SINGLE (Flyball, 8RS, EV 91.3 MPH)
Batting: LHB Joel Kunkler 0-0: Ball
1-0: Called Strike
Hildo Pot steals 2nd base
1-1: Fly out, F9 (Flyball, 9LM, EV 87.5 MPH)
Batting: RHB Jesus Chavez 0-0: Called Strike
0-1: Foul Ball, location: 2F
0-2: Foul Ball, location: 2F
0-2: Strikes out swinging, 2-3 out at first.
Top of the 1st over - 0 runs, 1 hit, 0 errors, 1 left on base; Minnesota 0 - Chicago 0
BOTTOM OF THE 1ST
Chicago White Sox batting - Pitching for Minnesota Twins : LHP Adam Wood
Pitching: LHP Adam Wood
Batting: SHB Dan Lash 0-0: Ground out 6-3 (Groundball, 6, EV 103.8 MPH)
Batting: RHB Steve Castleberry 0-0: Foul Ball, location: 2F
0-1: Ball
1-1: Swinging Strike
1-2: Foul Ball, location: 2F
1-2: Ball
2-2: Strikes out swinging
Batting: RHB Joseph Disepolo 0-0: Ball
1-0: Foul Ball, location: 2F
1-1: Ball
2-1: Ball
3-1: Ground out 3-1 (Groundball, 34S, EV 83.1 MPH)
Bottom of the 1st over - 0 runs, 0 hits, 0 errors, 0 left on base; Minnesota 0 - Chicago 0
TOP OF THE 2ND
Minnesota Twins batting - Pitching for Chicago White Sox : RHP Tadatoki Yoshida
Batting: LHB Sadamu Noguchi 0-0: Ball
1-0: Ball
2-0: Ground out 5-3 (Groundball, 56S, EV 79.4 MPH)
Batting: RHB Väinö Tapaninen 0-0: Ball
1-0: Ball
2-0: Ball
3-0: Called Strike
3-1: Called Strike
3-2: Strikes out swinging
Batting: RHB Yonetoshi Muranaka 0-0: Called Strike
0-1: Swinging Strike
0-2: Foul Ball, location: 2F
0-2: Hit by Pitch
Batting: LHB Gerardo Flores 0-0: Ball
1-0: 2-RUN HOME RUN (Flyball, 9D, EV 106.3 MPH), Distance : 382 ft
Batting: LHB Bill Young 0-0: Called Strike
0-1: Ball
1-1: Foul Ball, location: 2F
1-2: Ball
2-2: Fly out, F8 (Flyball, 78D, EV 103.1 MPH)
Top of the 2nd over - 2 runs, 1 hit, 0 errors, 0 left on base; Minnesota 2 - Chicago 0
BOTTOM OF THE 2ND
Chicago White Sox batting - Pitching for Minnesota Twins : LHP Adam Wood
Batting: LHB Randy Rosenberry 0-0: Called Strike
0-1: Ball
1-1: Fly out, F3 (Line Drive, 3, EV 66.3 MPH)
Batting: RHB Rocky Campbell 0-0: Called Strike
0-1: Foul Ball, location: 2F
0-2: Ball
1-2: Fly out, F2 (Popup, 23F, EV 80.6 MPH)
Batting: RHB Hiroshige Yamada 0-0: Ball
1-0: Foul Ball, location: 2F
1-1: Ball
2-1: Swinging Strike
2-2: Foul Ball, location: 2F
2-2: Fly out, F4 (Line Drive, 4, EV 71.3 MPH)
Bottom of the 2nd over - 0 runs, 0 hits, 0 errors, 0 left on base; Minnesota 2 - Chicago 0
TOP OF THE 3RD
Minnesota Twins batting - Pitching for Chicago White Sox : RHP Tadatoki Yoshida
Batting: RHB Jesse Scott 0-0: Ball
1-0: Foul Ball, location: 2F
1-1: Fly out, F7 (Line Drive, 78M, EV 105.0 MPH)
Batting: RHB Hildo Pot 0-0: Called Strike
0-1: TRIPLE (Flyball, 89XD, EV 91.9 MPH)
Batting: LHB Joel Kunkler 0-0: Ball
1-0: Called Strike
1-1: 2-RUN HOME RUN (Flyball, 9LD, EV 95.6 MPH), Distance : 342 ft
Batting: RHB Jesus Chavez 0-0: SINGLE (Line Drive, 3L, EV 102.5 MPH)
Batting: LHB Sadamu Noguchi 0-0: Called Strike
0-1: Foul Ball, location: 2F
0-2: Fielders Choice at 2nd, 4-6 (Groundball, 34D, EV 82.5 MPH)
Batting: RHB Väinö Tapaninen 0-0: Ball
1-0: SINGLE (Groundball, 56D, EV 105.0 MPH)
Sadamu Noguchi to second
Runner from 2nd tries for 3rd, OUT! 7-5
Top of the 3rd over - 2 runs, 4 hits, 0 errors, 1 left on base; Minnesota 4 - Chicago 0
BOTTOM OF THE 3RD
Chicago White Sox batting - Pitching for Minnesota Twins : LHP Adam Wood
Batting: RHB Jason Moss 0-0: Called Strike
0-1: Swinging Strike
0-2: Ball
1-2: Foul Ball, location: 2F
1-2: Fly out, F8 (Flyball, 8RM, EV 78.8 MPH)
Batting: SHB Cesar Herrera 0-0: Ball
1-0: Called Strike
1-1: Ball
2-1: Ground out 5-3 (Groundball, 56S, EV 84.4 MPH)
Batting: RHB Jeff Brower 0-0: Called Strike
0-1: Ball
1-1: Swinging Strike
1-2: Ball
2-2: Fly out, F9 (Flyball, 9S, EV 72.5 MPH)
Bottom of the 3rd over - 0 runs, 0 hits, 0 errors, 0 left on base; Minnesota 4 - Chicago 0
TOP OF THE 4TH
Minnesota Twins batting - Pitching for Chicago White Sox : RHP Tadatoki Yoshida
Batting: RHB Yonetoshi Muranaka 0-0: Ground out 6-3 (Groundball, 6, EV 85.0 MPH)
Batting: LHB Gerardo Flores 0-0: Called Strike
0-1: Ground out 2-3 (Groundball, 2L, EV 61.9 MPH)
Batting: LHB Bill Young 0-0: Foul Ball, location: 2F
0-1: Ball
1-1: Foul Ball, location: 2F
1-2: Ball
2-2: Strikes out swinging
Top of the 4th over - 0 runs, 0 hits, 0 errors, 0 left on base; Minnesota 4 - Chicago 0
BOTTOM OF THE 4TH
Chicago White Sox batting - Pitching for Minnesota Twins : LHP Adam Wood
Batting: SHB Dan Lash 0-0: Ball
1-0: Ground out 5-3 (Groundball, 5, EV 82.5 MPH)
Batting: RHB Steve Castleberry 0-0: Ball
1-0: Foul Ball, location: 2F
1-1: Called Strike
1-2: Foul Ball, location: 2F
1-2: Fly out, F9 (Flyball, 89M, EV 91.9 MPH)
Batting: RHB Joseph Disepolo 0-0: Swinging Strike
0-1: Ball
1-1: Foul Ball, location: 2F
1-2: DOUBLE (Groundball, 5L, EV 111.3 MPH)
Batting: LHB Randy Rosenberry 0-0: Ball
1-0: Ball
2-0: Ball
3-0: Base on Balls
Batting: RHB Rocky Campbell 0-0: Ball
1-0: Called Strike
1-1: Swinging Strike
1-2: Foul Ball, location: 2F
1-2: Fly out, F8 (Flyball, 8LM, EV 87.5 MPH)
Bottom of the 4th over - 0 runs, 1 hit, 0 errors, 2 left on base; Minnesota 4 - Chicago 0
TOP OF THE 5TH
Minnesota Twins batting - Pitching for Chicago White Sox : RHP Tadatoki Yoshida
Batting: RHB Jesse Scott 0-0: Called Strike
0-1: Foul Ball, location: 2F
0-2: Ball
1-2: Foul Ball, location: 2F
1-2: Ball
2-2: SINGLE (Groundball, 6M, EV 106.3 MPH) (infield hit)
Batting: RHB Hildo Pot 0-0: Ball
1-0: Called Strike
1-1: Ball
2-1: Ball
3-1: Fly out, F8 (Flyball, 89XD, EV 87.5 MPH)
Batting: LHB Joel Kunkler 0-0: Ball
1-0: Foul Ball, location: 2F
1-1: Ball
2-1: DOUBLE (Line Drive, 78D, EV 98.8 MPH)
Jesse Scott to third
Batting: RHB Jesus Chavez 0-0: Ball
1-0: Called Strike
1-1: Foul Ball, location: 2F
1-2: Ball
2-2: Ball
3-2: Ground out 4-3 (Groundball, 4, EV 100.6 MPH)
Jesse Scott scores
Joel Kunkler to third
Pitching: RHP Gerbrand van de Bilt
Batting: LHB Sadamu Noguchi 0-0: Fly out, F7 (Line Drive, 7LS, EV 95.0 MPH)
Top of the 5th over - 1 run, 2 hits, 0 errors, 1 left on base; Minnesota 5 - Chicago 0
BOTTOM OF THE 5TH
Chicago White Sox batting - Pitching for Minnesota Twins : LHP Adam Wood
Batting: RHB Hiroshige Yamada 0-0: Reached on error, E7 (Line Drive, 78M, EV 90.0 MPH)
Batting: RHB Jason Moss 0-0: Foul Ball, location: 2F
0-1: Called Strike
0-2: Ball
1-2: Foul Ball, location: 2F
1-2: Ball
2-2: Strikes out swinging
Batting: SHB Cesar Herrera 0-0: Ball
1-0: Ball
2-0: Called Strike
2-1: SINGLE (Groundball, 4MD, EV 104.4 MPH)
Hiroshige Yamada to second
Runner from 2nd tries for 3rd, SAFE, throw by CF made to third
Batting: RHB Jeff Brower 0-0: Called Strike
0-1: Ball
1-1: TRIPLE (Line Drive, 8LXD, EV 113.8 MPH)
Hiroshige Yamada scores
Cesar Herrera scores
Batting: SHB Dan Lash 0-0: Ball
1-0: Swinging Strike
1-1: Ball
2-1: SINGLE (Groundball, 5D, EV 108.1 MPH)
Jeff Brower scores
Batting: RHB Steve Castleberry 0-0: Ball
1-0: 2-RUN HOME RUN (Flyball, 7D, EV 96.3 MPH), Distance : 374 ft
Batting: RHB Joseph Disepolo 0-0: Ball
1-0: Ball
2-0: Called Strike
2-1: Fly out, F8 (Flyball, 8RM, EV 81.9 MPH)
Batting: LHB Randy Rosenberry 0-0: Ground out 4-3 (Groundball, 4, EV 96.9 MPH)
Bottom of the 5th over - 5 runs, 4 hits, 1 error, 0 left on base; Minnesota 5 - Chicago 5
TOP OF THE 6TH
Minnesota Twins batting - Pitching for Chicago White Sox : RHP Gerbrand van de Bilt
Batting: RHB Väinö Tapaninen 0-0: Foul Ball, location: 2F
0-1: Swinging Strike
0-2: Strikes out swinging
Batting: RHB Yonetoshi Muranaka 0-0: Ball
1-0: Foul Ball, location: 2F
1-1: Fly out, F7 (Flyball, 7LM, EV 101.3 MPH)
Batting: LHB Gerardo Flores 0-0: Swinging Strike
0-1: Ball
1-1: Foul Ball, location: 2F
1-2: Strikes out swinging
Top of the 6th over - 0 runs, 0 hits, 0 errors, 0 left on base; Minnesota 5 - Chicago 5
BOTTOM OF THE 6TH
Chicago White Sox batting - Pitching for Minnesota Twins : LHP Adam Wood
Batting: RHB Rocky Campbell 0-0: Ball
1-0: Called Strike
1-1: Swinging Strike
1-2: Foul Ball, location: 2F
1-2: Strikes out swinging
Batting: RHB Hiroshige Yamada 0-0: SOLO HOME RUN (Line Drive, 89XD, EV 98.8 MPH), Distance : 404 ft
Pitching: RHP Steffen Joseph
Batting: RHB Jason Moss 0-0: Ball
1-0: Called Strike
1-1: Called Strike
1-2: Ball
2-2: Foul Ball, location: 2F
2-2: Ball
3-2: Ground out 6-3 (Groundball, 6S, EV 85.6 MPH)
Batting: SHB Cesar Herrera 0-0: Ball
1-0: Ball
2-0: Called Strike
2-1: Swinging Strike
2-2: Fly out, F9 (Flyball, 9S, EV 88.1 MPH)
Bottom of the 6th over - 1 run, 1 hit, 0 errors, 0 left on base; Minnesota 5 - Chicago 6
TOP OF THE 7TH
Minnesota Twins batting - Pitching for Chicago White Sox : RHP Gerbrand van de Bilt
Batting: LHB Bill Young 0-0: Fly out, F7 (Flyball, 7, EV 91.9 MPH)
Batting: RHB Jesse Scott 0-0: Ball
1-0: Foul Ball, location: 2F
1-1: Called Strike
1-2: Foul Ball, location: 2F
1-2: Hit by Pitch
Batting: RHB Hildo Pot 0-0: Ball
1-0: Called Strike
1-1: Swinging Strike
1-2: Strikes out swinging
Jesse Scott is caught stealing 2nd base 2-4
Batter strikes out.
Top of the 7th over - 0 runs, 0 hits, 0 errors, 0 left on base; Minnesota 5 - Chicago 6
BOTTOM OF THE 7TH
Chicago White Sox batting - Pitching for Minnesota Twins : RHP Steffen Joseph
Batting: RHB Jeff Brower 0-0: Swinging Strike
0-1: Foul Ball, location: 2F
0-2: Strikes out looking
Batting: SHB Dan Lash 0-0: Foul Ball, location: 2F
0-1: Foul Ball, location: 2F
0-2: Ball
1-2: Ground out U3 (Groundball, 34, EV 105.6 MPH)
Batting: RHB Steve Castleberry 0-0: Called Strike
0-1: Ball
1-1: Swinging Strike
1-2: Foul Ball, location: 2F
1-2: Foul Ball, location: 2F
1-2: Strikes out swinging
Bottom of the 7th over - 0 runs, 0 hits, 0 errors, 0 left on base; Minnesota 5 - Chicago 6
TOP OF THE 8TH
Minnesota Twins batting - Pitching for Chicago White Sox : RHP Gerbrand van de Bilt
Now at 1B: Dan Lash
Now at 2B: Antonio Figueroa
Batting: LHB Joel Kunkler 0-0: Called Strike
0-1: Foul Ball, location: 2F
0-2: Strikes out swinging
Batting: RHB Jesus Chavez 0-0: Foul Ball, location: 2F
0-1: Ball
1-1: Foul Ball, location: 2F
1-2: Fly out, F9 (Flyball, 89D, EV 95.6 MPH)
Batting: LHB Sadamu Noguchi 0-0: Fly out, F6 (Flyball, 56D, EV 83.8 MPH)
Top of the 8th over - 0 runs, 0 hits, 0 errors, 0 left on base; Minnesota 5 - Chicago 6
BOTTOM OF THE 8TH
Chicago White Sox batting - Pitching for Minnesota Twins : RHP Steffen Joseph
Batting: RHB Joseph Disepolo 0-0: Ball
1-0: Ball
2-0: Foul Ball, location: 2F
2-1: Called Strike
2-2: Ball
3-2: Foul Ball, location: 2F
3-2: Fly out, F8 (Flyball, 78D, EV 103.1 MPH)
Batting: LHB Randy Rosenberry 0-0: Swinging Strike
0-1: Ball
1-1: Fly out, F5 (Popup, 5SF, EV 74.4 MPH)
Batting: RHB Rocky Campbell 0-0: Called Strike
0-1: Ground out U3 (Groundball, 3, EV 84.4 MPH)
Bottom of the 8th over - 0 runs, 0 hits, 0 errors, 0 left on base; Minnesota 5 - Chicago 6
TOP OF THE 9TH
Minnesota Twins batting - Pitching for Chicago White Sox : RHP Gerbrand van de Bilt
Batting: RHB Väinö Tapaninen 0-0: Ball
1-0: Foul Ball, location: 2F
1-1: Fly out, F7 (Flyball, 7LM, EV 85.0 MPH)
Pinch Hitting: SHB Buster Hyman 0-0: Ball
1-0: Foul Ball, location: 2F
1-1: Ball
2-1: Foul Ball, location: 2F
2-2: Ball
3-2: Strikes out looking
Batting: LHB Gerardo Flores 0-0: Fly out, F4 (Flyball, 34D, EV 78.1 MPH)
Top of the 9th over - 0 runs, 0 hits, 0 errors, 0 left on base; Minnesota 5 - Chicago 6
Thursday, March 31st , 2022 - OOTP Baseball 22.12 Build 89